 Dungeon Crawl Stone Soup version 0.18.1-50-g88ac8fd (webtiles) character file.

159 Ginkk the Skirmisher (level 5, -1/42 HPs)
             Began as a Demonspawn Abyssal Knight on Sept 25, 2016.
             Was a Believer of Lugonu.
             Succumbed to a worker ant's poison
             ... on level 4 of the Dungeon.
             The game lasted 00:10:49 (1716 turns).

Ginkk the Skirmisher (Demonspawn Abyssal Knight)    Turns: 1716, Time: 00:10:49

Health: -1/42      AC:  3    Str: 13    XL:     5   Next: 17%
Magic:  0/7        EV: 12    Int: 13    God:    Lugonu [**....]
Gold:   49         SH:  0    Dex: 13    Spells: 0 memorised, 4 levels left

rFire  . . .     SeeInvis +     e - +0 flail
rCold  . . .     Gourm    .     b - +0 leather armour
rNeg   . . .     Faith    .     (no shield)
rPois  .         Spirit   +     (no helmet)
rElec  .         Dismiss  .     (no cloak)
rCorr  .         Reflect  .     (no gloves)
SustAt .         Harm     .     (no boots)
MR     .....                    (no amulet)
Stlth  +.........               (no ring)
                                i - ring of see invisible

@: lethally poisoned (-1 -> -12), not resistant to hostile enchantments, very
unstealthy
A: talons 1, magic shield, magic regeneration
a: Depart the Abyss, Bend Space, Renounce Religion


You were on level 4 of the Dungeon.
You worshipped Lugonu.
Lugonu was pleased with you.
You were not hungry.

You visited 1 branch of the dungeon, and saw 4 of its levels.
You visited the Abyss 1 time.

You collected 49 gold pieces.

Inventory:

Hand Weapons
 a - a +1 mace
 e - a +0 flail (weapon)
Missiles
 f - 17 stones (quivered)
 g - 5 large rocks
 m - 3 tomahawks
Armour
 b - a +0 leather armour (worn)
 l - a +0 plate armour
Jewellery
 i - a ring of see invisible (left hand)
Scrolls
 d - 2 scrolls of identify
Comestibles
 c - a bread ration
 h - a royal jelly
 k - a chunk of flesh


   Skills:
 + Level 4.0 Fighting
 + Level 2.1 Maces & Flails
 + Level 0.1 Throwing
 + Level 2.5 Armour
 + Level 2.9 Dodging
 + Level 0.2 Stealth
 + Level 2.7 Invocations


You had 4 spell levels left.
You didn't know any spells.

Dungeon Overview and Level Annotations

Branches:
Dungeon (4/15)
 Temple: D:4-7

Altars:
Nemelex Xobeh
Sif Muna

Annotations:
D:3 Terence


Innate Abilities, Weirdness & Mutations

You have sharp toenails.
When hurt, damage is shared between your health and your magic reserves.
You regenerate magic rapidly.


Message History

The worker ant is heavily wounded.
The worker ant bites you but does no damage.
The worker ant bites you.
* * * LOW HITPOINT WARNING * * *
You are poisoned.
The worker ant poisons you!
You barely miss the worker ant.
The worker ant is heavily wounded.
You feel sick. The worker ant bites you!
* * * LOW HITPOINT WARNING * * *
You thump the worker ant!
You claw the worker ant, but do no damage.
The worker ant is almost dead.
The worker ant bites you.
* * * LOW HITPOINT WARNING * * *
The worker ant bites you.
* * * LOW HITPOINT WARNING * * *
You are more poisoned.
The worker ant poisons you!
You die...

...................#
#......?...........#
.....####..........#
.o...####..........#
.....>..........####
..
..............######
a
.........a..........
.......##)########..
......###@# .....#
#.# ..... #.# ...
#)## .#########..#
.(.........<#
##........(.#
#............#
#.....!.....##


You could see a worker ant.

Vanquished Creatures
  A centaur skeleton (D:4)
  An orc priest (D:4)
  An orc wizard (D:4)
  A gnoll (D:3)
  3 adders
  An ooze (D:1)
  2 worms (D:2)
  2 giant geckos
  3 orcs (D:4)
  A giant cockroach (D:2)
  A goblin (D:1)
  2 hobgoblins (D:2)
  6 jackals
  A quokka (D:4)
  A giant newt (D:3)
  A kobold (D:2)
  A rat (D:2)
29 creatures vanquished.

Notes
Turn   | Place    | Note
--------------------------------------------------------------
     0 | Abyss:1  | Ginkk the Demonspawn Abyssal Knight began the quest for the Orb.
     0 | Abyss:1  | Reached XP level 1. HP: 18/18 MP: 2/2
    63 | Abyss:1  | Noticed a hellwing
    64 | D:1      | Escaped the Abyss
   251 | D:2      | Noticed Terence
   384 | D:1      | Gained mutation: You have sharp toenails. [demonic ancestry]
   384 | D:1      | Reached XP level 2. HP: 21/24 MP: 3/3
   457 | D:1      | Reached skill level 1 in Dodging
   500 | D:2      | Found a deep blue altar of Sif Muna.
   808 | D:2      | Found a sparkling altar of Nemelex Xobeh.
   812 | D:2      | Gained mutation: When hurt, damage is shared between your health and your magic reserves. [demonic ancestry]
   812 | D:2      | Reached XP level 3. HP: 30/30 MP: 4/4
  1354 | D:3      | Reached ** piety under Lugonu
  1616 | D:4      | Gained mutation: You regenerate magic rapidly. [demonic ancestry]
  1616 | D:4      | Reached XP level 4. HP: 24/37 MP: 3/6
  1656 | D:4      | Reached skill level 4 in Fighting
  1656 | D:4      | Reached XP level 5. HP: 14/42 MP: 3/7
  1715 | D:4      | HP: 1/42 [worker ant (2)]
  1716 | D:4      | Succumbed to a worker ant's poison

Skill      XL: |  1  2  3  4 |
---------------+-------------+-----
Dodging        | 1 2 |  2.9
Armour         | 2 |  2.5
Maces & Flails | 2 |  2.1
Fighting       | 4 |  4.0
Throwing       | |  0.1
Stealth        | |  0.2
Invocations    | |  2.7

Action                   |  1- 3 |  4- 6 || total
-------------------------+-------+-------++-------
Melee: Mace              |     9 |       ||     9
       Flail             |    86 |    29 ||   115
       Kick              |    20 |     7 ||    27
Throw: Throwing net      |     2 |       ||     2
       Stone             |       |     1 ||     1
  Use: Scroll            |     5 |       ||     5
       Potion            |     1 |     1 ||     2
 Stab: Sleeping          |     1 |       ||     1
  Eat: Chunk             |     2 |     1 ||     3
Armor: Leather armour    |    39 |     4 ||    43
Dodge: Dodged            |    95 |    16 ||   111
